 Dungeon Crawl Stone Soup version 0.27-a0-401-gea03ee85fd (webtiles) character file.

Game seed: 14947656357741467696

24199 pokeman the Eclecticist (level 12, -4/68 HPs)
             Began as a Deep Elf Hedge Wizard on Feb 20, 2021.
             Was a High Priest of Vehumet.
             Slain by a hellwing (6 damage)
             ... on level 2 of the Abyss on Feb 21, 2021.
             The game lasted 00:53:33 (18829 turns).

pokeman the Eclecticist (Deep Elf Hedge Wizard)    Turns: 18829, Time: 00:53:34

Health: -4/68      AC: 13    Str:  5    XL:     12   Next: 78%
Magic:  37/44      EV: 13    Int: 38    God:    Vehumet [*****.]
Gold:   520        SH:  0    Dex: 15    Spells: 19/45 levels left

rFire    . . .     SeeInvis .   w - +12 short sword "Kotid" {vorpal, rElec Str-3 Int+6}
rCold    . . .     Faith    +   (no shield)
rNeg     . . .     Spirit   .   L - +0 troll leather armour
rPois    .         Reflect  .   M - +2 helmet
rElec    +         Harm     .   (no cloak)
rCorr    +         Rampage  .   F - +0 pair of gloves of Forking Paths {rCorr}
Will     +....                  t - +2 pair of boots
Stlth    +.........             l - amulet of faith
HPRegen  1.21/turn              f - +6 ring of intelligence
MPRegen  0.29/turn              D - ring of the Octopus King {MP+9 AC+1 EV+1 Str+1 Int+1 Dex+1}

@: sluggish, about to teleport, very slow
A: [no potion heal 2]
a: Renounce Religion


You were on level 2 of the Abyss.
You worshipped Vehumet.
Vehumet was extremely pleased with you.
You visited 2 branches of the dungeon, and saw 15 of its levels.
You visited the Abyss 1 time.
You also visited: Sewer.

You collected 845 gold pieces.
You spent 325 gold pieces at shops.

Inventory:

Hand Weapons
 o - a +0 shortbow of flaming
 w - the +12 short sword "Kotid" (weapon) {vorpal, rElec Str-3 Int+6}
   (You found it on level 4 of the Dungeon)

   It inflicts extra damage upon your enemies.
   It affects your strength (-3).
   It affects your intelligence (+6).
   It insulates you from electricity.
 C - the +6 short sword of the Wolf {flame, Int+4}
   (You found it on level 6 of the Dungeon)

   It has been specially enchanted to burn those struck by it, causing extra
   injury to most foes and up to half again as much damage against particularly
   susceptible opponents.
   It affects your intelligence (+4).
 H - the +7 arbalest of Devotion {flame, Str+7 Dex-4 SInv}
   (You bought it in a shop on level 7 of the Dungeon)

   It causes projectiles fired from it to burn those they strike, causing extra
   injury to most foes and up to half again as much damage against particularly
   susceptible opponents.
   It affects your strength (+7).
   It affects your dexterity (-4).
   It lets you see invisible.
Missiles
 e - 164 bolts
 g - 529 arrows
 K - 5 curare-tipped darts
Armour
 t - a +2 pair of boots (worn)
 F - the +0 pair of gloves of Forking Paths (worn) {rCorr}
   (You found it on level 7 of the Dungeon)

   It provides partial protection from all sources of acid and corrosion.
 L - a +0 troll leather armour (worn)
 M - a +2 helmet (worn)
 P - +0 acid dragon scales
Magical Staves
 S - a staff of air {unknown}
Jewellery
 f - a +6 ring of intelligence (left hand)
 h - a ring of see invisible
 l - an amulet of faith (around neck)
 D - a ring of the Octopus King (right hand) {MP+9 AC+1 EV+1 Str+1 Int+1 Dex+1}
   (You found it on level 7 of the Dungeon)

   [ring of magical power]

   It affects your AC (+1).
   It affects your evasion (+1).
   It affects your strength (+1).
   It affects your intelligence (+1).
   It affects your dexterity (+1).
   It affects your magic capacity (+9).
 E - a +6 ring of strength
 G - a ring of fire
 N - a ring of positive energy
 Q - a +4 ring of evasion {unknown}
 R - a ring of magical power {unknown}
 T - a ring of fire
 U - an amulet of reflection {unknown}
Wands
 v - a wand of mindburst (15)
 y - a wand of polymorph (10)
Scrolls
 b - 2 scrolls of magic mapping {unknown}
 i - 7 scrolls of blinking
 k - 5 scrolls of teleportation
 n - 8 scrolls of identify
 r - a scroll of enchant armour {unknown}
 s - a scroll of enchant weapon {unknown}
 z - 3 scrolls of amnesia {unknown}
 A - a scroll of summoning {unknown}
 B - a scroll of vulnerability {unknown}
 I - a scroll of fear {unknown}
Potions
 a - 6 potions of mutation {unknown}
 d - 4 potions of might {unknown}
 j - 3 potions of cancellation {unknown}
 m - 5 potions of lignification {unknown}
 p - 2 potions of resistance {unknown}
 q - 6 potions of heal wounds
 u - 3 potions of haste {unknown}
 x - 3 potions of brilliance {unknown}
 J - 4 potions of curing
 O - 2 potions of flight {unknown}
Miscellaneous
 c - a box of beasts


   Skills:
 + Level 5.1 Fighting
 - Level 6.0 Armour
 - Level 3.0 Dodging
 - Level 3.0 Stealth
 * Level 17.1 Spellcasting
 + Level 10.6 Conjurations
 - Level 1.1 Summonings
 - Level 1.1 Translocations
 + Level 10.2 Fire Magic
 - Level 1.1 Ice Magic
 - Level 1.0 Air Magic
 - Level 1.0 Earth Magic
 - Level 1.1 Poison Magic
 - Level 2.1 Evocations


You had 19 spell levels left.
You knew the following spells:

 Your Spells              Type           Power        Failure   Level
a - Magic Dart            Conj           100%         0%          1
b - Mephitic Cloud        Conj/Pois/Air  60%          1%          3
c - Call Imp              Summ           40%          1%          2
d - Blink                 Tloc           N/A          1%          2
e - Conjure Flame         Conj/Fire      84%          1%          3
f - Foxfire               Conj/Fire      100%         0%          1
g - Shock                 Conj/Air       100%         1%          1
h - Bolt of Magma         Conj/Fire/Erth 36%          1%          5
i - Swiftness             Air            40%          1%          2
j - Freezing Cloud        Conj/Ice/Air   30%          11%         6

Your spell library contained the following spells:

 Spells                   Type           Power        Failure   Level
 Beastly Appendage        Tmut           64%          1%          1
 Summon Small Mammal      Summ           100%         1%          1
 Static Discharge         Conj/Air       67%          1%          3
 Lightning Bolt           Conj/Air       33%          1%          5
 Slow                     Hex            32%          2%          2
 Airstrike                Air            20%          2%          4
 Call Canine Familiar     Summ           40%          3%          3
 Spider Form              Tmut/Pois      18%          3%          3
 Iron Shot                Conj/Erth      33%          6%          6
 Animate Armour           Summ/Erth      80%          10%         4
 Leda's Liquefaction      Hex/Erth       18%          12%         4
 Statue Form              Tmut/Erth      24%          88%         6
 Shatter                  Erth           20%          100%        9


Dungeon Overview and Level Annotations

Branches:
Dungeon (14/15)            Temple (1/1) D:4            Lair (0/6) D:10
    Orc (0/2) D:12         Vaults (0/5) D:14          Sewer (visited)

Altars:
Ashenzari
Cheibriados
Elyvilon
Fedhas
Gozag
Hepliaklqana
Kikubaaqudgha
Makhleb
Nemelex Xobeh
Ru
Sif Muna
Uskayaw
Vehumet
Wu Jian
Yredelemnul
Zin
The Shining One

Shops:
D:7 !*[(:

Annotations:
D:14 Louise


Innate Abilities, Weirdness & Mutations

[Potions are poor at restoring your health.]


Message History

A hellwing comes into view.
The large abomination hits you!!
* * * LOW HITPOINT WARNING * * *
You hear a chilling moan.
Casting: Blink (safe; 1% risk of failure)
Confirm with . or Enter, or press ? or * to list all spells.
You blink.
Splash!
You fall into the shallow water.
Moving in this stuff is going to be slow.
A hellwing comes into view.
As you read the scroll labelled ODOEBO PENN, it crumbles to dust.
You feel strangely unstable.
You feel the power of the Abyss delaying your translocation!
It was a scroll of teleportation.
The hellwing swoops through the air toward you!
The hellwing hits you.
* * * LOW HITPOINT WARNING * * *
The hellwing hits you but does no damage.
A starcursed mass splits.
Casting: Blink (safe; 1% risk of failure)
Confirm with . or Enter, or press ? or * to list all spells.
You blink.
The starcursed mass shrieks in your mind.
* * * LOW HITPOINT WARNING * * *
Unknown command.
You enter the shallow water.
Moving in this stuff is going to be slow.
The hellwing swoops through the air toward you!
The hellwing hits you.
* * * LOW HITPOINT WARNING * * *
The hellwing hits you but does no damage.
The starcursed mass shrieks in your mind.
* * * LOW HITPOINT WARNING * * *
Casting: Blink (safe; 1% risk of failure)
Confirm with . or Enter, or press ? or * to list all spells.
You blink.
Splash!
The hellwing hits you.
You die...

#. . #.#.. ### ♣
#.#. .. ≈≈ ...
.## ≈≈≈
#.##.≈#≈≈§. ##
##.@≈♣≈≈###
###.##.≈4≈§....#
##.##≈X≈≈§####.#.
#.#≈≈≈≈4#.###
#≈≈≈≈##.#.#.#
≈≈≈≈.X..X#.#
≈≈....#...##
#.#.######.#
#.#X# .#


You could see a starcursed mass, a large abomination and 2 hellwings.

Vanquished Creatures
  4 vault guards (D:14)
  2 boulder beetles
  A catoblepas (D:14)
  A tengu warrior (D:13)
  A wretched star (Abyss:2)
  Pikel (D:6)
  7 ugly things
  A gargoyle (D:13)
  2 centaur skeletons (D:13)
  2 kobold demonologists (D:14)
  A harpy zombie (D:13)
  A troll (D:9)
  Prince Ribbit (D:5)
  3 meliai (D:13)
  Grinder (D:3)
  4 hornets
  5 slime creatures (D:13)
  A meliai zombie (D:13)
  2 vampires
  3 wraiths
  A shadow (D:14)
  14 yaks
  3 wyverns
  Edmund (D:6)
  2 acid dragons (D:11)
  3 water moccasins
  3 sky beasts
  An eye of draining (Abyss:2)
  3 orc warriors
  A necrophage (D:10)
  2 black bears
  3 ice beasts
  13 centaurs
  5 ogres
  A lemure (D:6)
  2 kobold brigands
  3 phantoms
  11 bullfrogs
  2 wyvern zombies
  8 scorpions
  2 oklob saplings (D:8)
  6 killer bees
  5 wights (D:13)
  2 howler monkeys (D:13)
  A bullfrog zombie (D:13)
  A quasit (D:10)
  5 jellies
  3 orc priests
  8 hounds
  2 bullfrog skeletons
  3 iguanas
  10 orc wizards
  8 worker ants
  A hound skeleton (D:5)
  A howler monkey zombie (D:6)
  2 worker ant zombies
  8 gnolls
  A howler monkey skeleton (D:9)
  14 adders
  A shadow imp (D:9)
  3 white imps
  An ufetubus (Abyss:2)
  11 oozes
  An adder zombie (D:9)
  2 adder skeletons
  5 worms
  3 dart slugs
  16 leopard geckos
  19 orcs
  4 bats
  10 giant cockroaches
  9 goblins
  7 hobgoblins
  8 jackals
  A quokka (D:10)
  18 ball pythons
  12 frilled lizards
  A giant cockroach zombie (D:6)
  14 kobolds
  A leopard gecko zombie (D:6)
  6 rats
  2 foxfires (D:9)
364 creatures vanquished.

Vanquished Creatures (collateral kills)
  A water moccasin (D:10)
  Terence (D:3)
  A worm (D:2)
  A dart slug (D:3)
  A giant cockroach (D:3)
  4 foxfires (D:8)
9 creatures vanquished.

Vanquished Creatures (others)
  A small abomination (Abyss:2)
  A bush (D:8)
  394 foxfires
  45 fungi (D:10)
  54 plants
495 creatures vanquished.

Grand Total: 868 creatures vanquished

Notes
Turn   | Place    | Note
-------+----------+-------------------------------------------
     0 | D:1      | pokeman the Deep Elf Hedge Wizard began the quest for the
                  | Orb.
     0 | D:1      | Reached XP level 1. HP: 10/10 MP: 7/7
   415 | D:1      | Reached XP level 2. HP: 16/16 MP: 7/9
  1109 | D:1      | Reached skill level 5 in Spellcasting
  1470 | D:2      | Reached XP level 3. HP: 20/20 MP: 4/11
  1474 | D:2      | Learned a level 3 spell: Mephitic Cloud
  1477 | D:2      | Learned a level 2 spell: Call Imp
  1480 | D:2      | Learned a level 2 spell: Blink
  1484 | D:2      | Learned a level 3 spell: Conjure Flame
  1726 | D:2      | Found a snail-covered altar of Cheibriados.
  1726 | D:2      | Found a faded altar of an unknown god.
  1892 | D:2      | Reached skill level 1 in Fighting
  2213 | D:2      | Reached skill level 1 in Armour
  2924 | D:3      | Noticed Grinder
  3119 | D:3      | Found a hazy altar of Hepliaklqana.
  3119 | D:3      | Found an ancient bone altar of Kikubaaqudgha.
  3119 | D:3      | Found a shimmering blue altar of Sif Muna.
  3191 | D:3      | Noticed Terence
  3225 | D:3      | Killed Terence
  3226 | D:3      | Reached XP level 4. HP: 9/25 MP: 7/13
  3274 | D:3      | Noticed an ogre
  3331 | D:3      | Killed an ogre
  3332 | D:3      | Reached skill level 6 in Spellcasting
  3332 | D:3      | Reached skill level 1 in Fire Magic
  3332 | D:3      | Reached XP level 5. HP: 15/29 MP: 1/15
  3335 | D:3      | HP: 1/29 [giant cockroach (1)]
  3405 | D:3      | Found a glowing drain.
  3457 | Sewer    | Entered a sewer
  4125 | Sewer    | Reached skill level 1 in Air Magic
  4487 | Sewer    | Reached XP level 6. HP: 34/34 MP: 8/17
  4509 | Sewer    | Reached skill level 7 in Spellcasting
  4509 | Sewer    | Reached skill level 1 in Poison Magic
  5852 | D:3      | Paralysed by Grinder for 3 turns
  6033 | D:3      | Paralysed by Grinder for 3 turns
  6042 | D:3      | Paralysed by Grinder for 3 turns
  6048 | D:3      | Paralysed by Grinder for 3 turns
  6063 | D:3      | Killed Grinder
  6064 | D:3      | Reached skill level 8 in Spellcasting
  6064 | D:3      | Reached XP level 7. HP: 16/40 MP: 0/20
  6472 | D:4      | Found a staircase to the Ecumenical Temple.
  6481 | Temple   | Entered the Ecumenical Temple
  6549 | Temple   | Became a worshipper of Vehumet
  6710 | D:4      | Got a masterwork short sword
  6711 | D:4      | Identified the +12 short sword "Kotid" {vorpal, rElec Str-3
                  | Int+6} (You found it on level 4 of the Dungeon)
  7556 | D:5      | Entered Level 5 of the Dungeon
  7817 | D:5      | Noticed Prince Ribbit
  7827 | D:5      | Killed Prince Ribbit
  7828 | D:5      | Reached skill level 9 in Spellcasting
  7828 | D:5      | Reached skill level 1 in Evocations
  7828 | D:5      | Reached XP level 8. HP: 44/44 MP: 10/23
  8960 | D:6      | Reached * piety under Vehumet
  8960 | D:6      | Offered knowledge of Foxfire by Vehumet.
  8961 | D:6      | Reached skill level 5 in Conjurations
  8963 | D:6      | Learned a level 1 spell: Foxfire
  9138 | D:6      | Noticed Edmund
  9150 | D:6      | Killed Edmund
  9151 | D:6      | Reached skill level 10 in Spellcasting
  9325 | D:6      | Found a blossoming altar of Fedhas.
  9327 | D:6      | Found a sacrificial altar of Ru.
  9528 | D:6      | Noticed Pikel
  9545 | D:6      | Killed Pikel
  9546 | D:6      | Reached skill level 5 in Fire Magic
  9546 | D:6      | Reached XP level 9. HP: 48/48 MP: 15/25
 10405 | D:6      | Got a shimmering short sword
 10436 | D:6      | Identified the +6 short sword of the Wolf {flame, Int+4}
                  | (You found it on level 6 of the Dungeon)
 10464 | D:7      | Found the ring of the Octopus King
 10477 | D:7      | Got a ring of the Octopus King
 10510 | D:7      | Reached skill level 11 in Spellcasting
 10594 | D:7      | Offered knowledge of Shock by Vehumet.
 10670 | D:7      | Got a pair of masterwork gloves
 10681 | D:7      | Identified the +0 pair of gloves of Forking Paths {rCorr}
                  | (You found it on level 7 of the Dungeon)
 10683 | D:7      | Learned a level 1 spell: Shock
 10776 | D:7      | Reached ** piety under Vehumet
 10987 | D:7      | Found Xeecucwi's Antique Weapon Emporium.
 10990 | D:7      | Bought a crystal arbalest for 190 gold pieces
 11001 | D:7      | Found a glowing golden altar of the Shining One.
 11006 | D:7      | Found Evioq's Book Shoppe.
 11035 | D:7      | Found Wacix's Armour Shoppe.
 11135 | D:7      | Found Keidumao's Assorted Antiques.
 11239 | D:7      | Found Tuotuf's Distillery.
 11242 | D:7      | Bought a potion of curing for 45 gold pieces
 11242 | D:7      | Bought a potion of heal wounds for 75 gold pieces
 11242 | D:7      | Bought a potion of degeneration for 15 gold pieces
 11262 | D:7      | Identified the +7 arbalest of Devotion {flame, Str+7 Dex-4
                  | SInv} (You bought it in a shop on level 7 of the Dungeon)
 11265 | D:7      | Identified a ring of the Octopus King {MP+9 AC+1 EV+1 Str+1
                  | Int+1 Dex+1} (You found it on level 7 of the Dungeon)
 11514 | D:8      | Found a blossoming altar of Fedhas.
 11641 | D:8      | Reached skill level 12 in Spellcasting
 11651 | D:8      | Offered knowledge of Searing Ray by Vehumet.
 12013 | D:8      | Reached XP level 10. HP: 56/56 MP: 28/28
 12054 | D:8      | Identified the Incunabulum of Nature
 12166 | D:9      | Reached *** piety under Vehumet
 12195 | D:9      | Noticed a boulder beetle
 12221 | D:9      | Killed a boulder beetle
 12540 | D:9      | Found an ancient bone altar of Kikubaaqudgha.
 13123 | D:9      | Reached skill level 13 in Spellcasting
 13534 | D:10     | Entered Level 10 of the Dungeon
 13571 | D:10     | Found a staircase to the Lair.
 13744 | D:10     | Offered knowledge of Iskenderun's Mystic Blast by Vehumet.
 13910 | D:10     | Reached **** piety under Vehumet
 14030 | D:10     | Reached XP level 11. HP: 62/62 MP: 30/30
 14157 | D:10     | Reached skill level 14 in Spellcasting
 14389 | D:10     | Learned a level 5 spell: Bolt of Magma
 14553 | D:10     | Offered knowledge of Ignite Poison by Vehumet.
 14741 | D:11     | Noticed a red ugly thing
 14756 | D:11     | Killed a red ugly thing
 14757 | D:11     | Reached skill level 5 in Fighting
 14849 | D:11     | Reached skill level 1 in Earth Magic
 15642 | D:11     | Found an opulent altar of Gozag.
 15923 | D:12     | Noticed a boulder beetle
 15945 | D:12     | Killed a boulder beetle
 16238 | D:12     | Reached ***** piety under Vehumet
 16333 | D:12     | Found a staircase to the Orcish Mines.
 16354 | D:12     | Learned a level 2 spell: Swiftness
 16480 | D:12     | Offered knowledge of Freezing Cloud by Vehumet.
 16488 | D:12     | Learned a level 6 spell: Freezing Cloud
 16628 | D:13     | Reached skill level 15 in Spellcasting
 16628 | D:13     | Reached skill level 1 in Ice Magic
 17360 | D:13     | Reached XP level 12. HP: 68/68 MP: 33/33
 17517 | D:13     | Noticed a tengu warrior
 17521 | D:13     | Killed a tengu warrior
 17849 | D:13     | Reached skill level 5 in Armour
 18075 | D:14     | Found a gate to the Vaults.
 18075 | D:14     | Noticed a vault guard
 18075 | D:14     | Noticed a vault guard
 18075 | D:14     | Noticed a vault guard
 18075 | D:14     | Noticed a vault guard
 18080 | D:14     | Reached skill level 16 in Spellcasting
 18084 | D:14     | Killed a vault guard
 18085 | D:14     | Reached skill level 10 in Conjurations
 18085 | D:14     | Killed a vault guard
 18087 | D:14     | Killed a vault guard
 18091 | D:14     | Killed a vault guard
 18356 | D:14     | Noticed a catoblepas
 18383 | D:14     | Killed a catoblepas
 18450 | D:14     | Reached skill level 10 in Fire Magic
 18460 | D:14     | Reached skill level 17 in Spellcasting
 18490 | D:14     | Noticed Louise
 18491 | D:14     | Upgraded the game from 0.27-a0-394-g49c82dfaf2 to
                  | 0.27-a0-401-gea03ee85fd
 18493 | D:14     | Cast into level 2 of the Abyss (Louise)
 18817 | Abyss:2  | Noticed a starcursed mass
 18828 | Abyss:2  | HP: 1/68 [starcursed mass/accursed screaming (6)]
 18829 | Abyss:2  | Slain by a hellwing

Illustrated notes

Levels and vault maps discovered:
D:1:      wheals_arrival_shading, layout_basic
D:2:      layout_basic, chequers_ecumenical_altar_simple,
          kennysheep_big_empty_room, lemuel_statue_altar
D:3:      layout_loops_ring, gammafunk_temple_overflow_forgotten,
          gup_sewer_entry_bubbles, uniq_grinder, uniq_terence
D:4:      layout_basic, minmay_temple_entry_sparse_star
D:5:      layout_gridville, uniq_prince_ribbit1
D:6:      layout_layer_cave, nicolae_overflow_hidden_temple, uniq_pikel,
          uniq_edmund
D:7:      layout_cave_pools, lemuel_doored_altar, serial_shops,
          nicolae_shop_behind_doors, kennysheep_mini_moat,
          nicolae_shop_behind_doors, nicolae_shop_behind_doors,
          nicolae_shop_behind_doors
D:8:      layout_cave_pools, hangedman_decor_slide_cut, introduction_to_nature_2
D:9:      layout_gridville, basic_altar
D:10:     layout_loops_ring, due_lair_maze_entry_diamond, dk_noncrumbling_2
D:11:     layout_loops_ring, basic_altar
D:12:     layout_loops_ring, orc_0_dummy, hangedman_decor_lopped,
          minmay_strange_pillars
D:13:     layout_layer_cave
D:14:     layout_stronghold, lightli_vaults_fourway_checkpoint,
          grunt_decor_arrowhead, minmay_unpleasant_kobolds, uniq_louise
Temple:   eino_temple_rhombus
Abyss:2:  base: D:12, evilmike_abyss_exit_13

Skill      XL: |  1  2  3  4  5  6  7  8  9 10 11 12 |
---------------+-------------------------------------+-----
Spellcasting   | 5 6 8 9 10 12 13 15 17 | 17.1
Fighting       | 1 2 3 4 5 |  5.1
Armour         | 1 2 3 4 6 |  6.0
Conjurations   | 2 3 4 5 6 8 9 10 | 10.6
Dodging        | 3 |  3.0
Fire Magic     | 1 2 3 5 6 7 9 10 | 10.2
Air Magic      | 1 |  1.0
Stealth        | 3 |  3.0
Poison Magic   | 1 |  1.1
Evocations     | 1 2 |  2.1
Earth Magic    | 1 |  1.0
Ice Magic      | 1 |  1.1
Summonings     | |  1.1
Translocations | |  1.1

Action                   |  1- 3 |  4- 6 |  7- 9 | 10-12 || total
-------------------------+-------+-------+-------+-------++-------
Melee: Dagger            |     1 |    18 |       |       ||    19
       Short sword       |       |       |    41 |    51 ||    92
 Fire: Arbalest          |       |       |       |    15 ||    15
 Cast: Magic Dart        |   122 |   211 |   164 |     9 ||   506
       Call Imp          |     4 |    12 |       |     4 ||    20
       Mephitic Cloud    |       |     8 |    15 |    14 ||    37
       Conjure Flame     |       |     4 |     8 |    20 ||    32
       Blink             |       |     1 |       |     9 ||    10
       Foxfire           |       |       |   118 |   104 ||   222
       Shock             |       |       |    14 |    63 ||    77
       Bolt of Magma     |       |       |       |   107 ||   107
       Freezing Cloud    |       |       |       |     6 ||     6
       Swiftness         |       |       |       |     1 ||     1
  Use: Scroll            |       |       |       |     2 ||     2
       Potion            |       |       |       |     1 ||     1
 Stab: Confused          |       |     1 |     1 |     3 ||     5
Armor: Robe              |     4 |     4 |       |       ||     8
       Leather armour    |       |     1 |     9 |     1 ||    11
       Troll leather arm |       |       |       |    44 ||    44
Dodge: Dodged            |    10 |    26 |    38 |    55 ||   129

Table legend: (Time is in decaauts)
 A = Elapsed time spent in this place.
 B = Non-inter-level travel time spent in this place.
 C = Inter-level travel time spent in this place.
 D = Time resting spent in this place.
 E = Time spent auto-exploring this place.
 F = Levels seen in this place.
 G = Mean time per level.
                   A        B        C        D        E       F      G
               +--------+--------+--------+--------+--------+-----+--------+
         Total |  18972 |  18272 |    700 |    700 |  14429 |  17 | 1116.0 |
       Dungeon |  17330 |  16645 |    685 |    484 |  13523 |  14 | 1237.9 |
        Temple |     84 |     69 |     15 |      0 |     62 |   1 |   84.0 |
         Abyss |    339 |    339 |      0 |     45 |      0 |   1 |  339.0 |
         Sewer |   1218 |   1218 |      0 |    171 |    844 |   1 | 1218.0 |
               +--------+--------+--------+--------+--------+-----+--------+

Top non-repeatable levels by time:
     D:3: 1968 daAuts
     D:2: 1839 daAuts
     D:6: 1559 daAuts
    D:13: 1459 daAuts
     D:9: 1417 daAuts
     D:1: 1376 daAuts
     D:5: 1323 daAuts
   Sewer: 1218 daAuts
    D:10: 1193 daAuts
     D:4: 1172 daAuts
    D:11: 1046 daAuts
     D:7: 870 daAuts
     D:8: 837 daAuts
    D:12: 833 daAuts
    D:14: 433 daAuts
